 Dungeon Crawl Stone Soup version 0.23.2-1-ga50397a (webtiles) character file.

Game seed: 130778723933726985

41 xveg the Firebug (level 3, 0/21 HPs)
             Began as an Octopode Fire Elementalist on May 7, 2019.
             Slain by a centaur (5 damage)
             ... on level 2 of the Dungeon.
             The game lasted 00:05:01 (1538 turns).

xveg the Firebug (Octopode Fire Elementalist)       Turns: 1538, Time: 00:05:02

Health: 0/21       AC:  1    Str:  7    XL:     3   Next: 52%
Magic:  0/6        EV: 13    Int: 18    God:
Gold:   32         SH:  0    Dex: 12    Spells: 5/6 levels left

rFire    . . .     SeeInvis .   (no weapon)
rCold    . . .     Gourm    .   (no shield)
rNeg     . . .     Faith    .   (helmet restricted)
rPois    .         Spirit   .   (no amulet)
rElec    .         Reflect  .   (no ring)
rCorr    .         Harm     .   (no ring)
MR       .....                  (no ring)
Stlth    +++.......             (no ring)
HPRegen  0.07/turn              (no ring)
MPRegen  0.10/turn              (no ring)
                                (no ring)
                                (no ring)

@: very slightly contaminated
A: almost no armour, stealthy swim, amphibious, 8 rings, constrict 8, camouflage
1, gelatinous body 1
a: no special abilities


You were on level 2 of the Dungeon.
You were not hungry.

You visited 1 branch of the dungeon, and saw 2 of its levels.

You collected 32 gold pieces.

Inventory:

Armour
 g - a +1 helmet
 h - a +1 cloak
Scrolls
 a - a scroll of identify {unknown}
 e - a scroll of random uselessness {unknown}
 f - 4 scrolls of teleportation {unknown}
Potions
 c - a potion of lignification {unknown}
 d - a potion of flight {unknown}
 i - a potion of curing {unknown}
Comestibles
 b - 3 rations


   Skills:
 + Level 2.2 Dodging
 * Level 3.0 Stealth
 * Level 2.4 Spellcasting
 * Level 1.3 Conjurations
 * Level 3.7 Fire Magic


You had 5 spell levels left.
You knew the following spells:

 Your Spells              Type           Power        Failure   Level  Hunger
a - Flame Tongue          Conj/Fire      ##...        6%          1    #......

Your spell library contained the following spells:

 Spells                   Type           Power        Failure   Level  Hunger
 Throw Flame              Conj/Fire      ##....       10%         2    ##.....
 Conjure Flame            Conj/Fire      ##......     19%         3    ###....
 Inner Flame              Hex/Fire       #.......     24%         3    ###....
 Sticky Flame             Conj/Fire      ##......     52%         4    #####..
 Fireball                 Conj/Fire      ##........   86%         5    ######.


Dungeon Overview and Level Annotations

Branches:
Dungeon (2/15)

Altars:


Innate Abilities, Weirdness & Mutations

You cannot wear most types of armour.
You are very stealthy in the water. (Stealth+)
You are amphibious.
You can wear up to eight rings at the same time.
You can use your tentacles to constrict eight enemies at once.
Your skin changes colour to match your surroundings (Stealth+).
Your rubbery body absorbs attacks. (AC +1, EV +1)


Message History

The bat closely misses you. The bat barely misses you. The bat misses you.
The centaur hits you.
Casting: Flame Tongue (safe; 6% risk of failure)
Confirm with . or Enter, or press ? or * to list all spells.
Aiming: Flame Tongue (safe; 6% risk of failure)
Press: ? - help, Shift-Dir - straight line, f/p - centaur
Aim: a centaur (lightly wounded)
You miscast Flame Tongue.
Sparks fly from your tentacles! The bat closely misses you.
The centaur closely misses you. The bat hits you.
* * * LOW HITPOINT WARNING * * *
The centaur misses you.
Casting: Flame Tongue (safe; 6% risk of failure)
Confirm with . or Enter, or press ? or * to list all spells.
You don't have enough magic to cast that spell.
Unknown command.
Unknown command.
The bat barely misses you. The bat hits you.
* * * LOW HITPOINT WARNING * * *
The bat barely misses you. The centaur hits you.
You die...

#...# #...# ###
####...##...
........... .$........
....... #.b.# #@c.#
#.b.# #...# #...#
#...# ##.#########.##
#............#########
..###..#######......#
###..#######.######


You could see a centaur and 2 bats.

Vanquished Creatures
  An adder (D:2)
  2 dart slugs (D:1)
  5 goblins (D:1)
  2 hobgoblins (D:1)
  4 jackals (D:1)
  3 kobolds (D:1)
  A ball python (D:1)
  4 bats
  3 frilled lizards (D:1)
  4 rats
29 creatures vanquished.

Notes
Turn   | Place    | Note
-------+----------+-------------------------------------------
     0 | D:1      | xveg the Octopode Fire Elementalist began the quest for the
                  | Orb.
     0 | D:1      | Reached XP level 1. HP: 11/11 MP: 3/3
   121 | D:1      | Reached XP level 2. HP: 10/17 MP: 3/5
   887 | D:1      | Reached XP level 3. HP: 21/21 MP: 4/6
  1530 | D:2      | Noticed a centaur
  1538 | D:2      | Slain by a centaur

Skill      XL: |  1  2  3 |
---------------+----------+-----
Stealth        | 3 |  3.0
Dodging        | |  2.2
Spellcasting   | |  2.4
Conjurations   | |  1.3
Fire Magic     | |  3.7

Action                   || total
-------------------------++-------
Melee: Unarmed           ||    31
       Constrict         ||     9
       Tentacles         ||     5
 Cast: Flame Tongue      ||    31
 Stab: Sleeping          ||     2
  Eat: Chunk             ||     2
Armor: Skin              ||     5
Dodge: Dodged            ||    60
